 Dungeon Crawl Stone Soup version 0.29-a0-847-g24c0ca63c9 (webtiles) character file.

Game seed: 12909135029148456153

721 Malachi the Basher (level 7, -4/55 HPs)
             Began as a Palentonga Fighter on July 16, 2022.
             Slain by a mummy (7 damage)
             ... in an ossuary.
             The game lasted 00:04:37 (3189 turns).

Malachi the Basher (Palentonga Fighter)             Turns: 3189, Time: 00:04:38

Health: -4/55      AC: 15    Str: 20 (21) XL:     7   Next: 43%
Magic:  7/7        EV:  8    Int:  7 (9)  God:
Gold:   104        SH:  8    Dex:  7 (9)  Spells: 6/6 levels left

rFire   . . .      SeeInvis +   a - +0 flail
rCold   . . .      Faith    .   c - +0 buckler
rNeg    . . .      Spirit   .   o - +0 ring mail {rPois}
rPois   +          Reflect  +   (no helmet)
rElec   .          Harm     .   m - +1 cloak
rCorr   .          Rampage  .   (no gloves)
Will    .....                   (no barding)
Stlth   ..........              b - amulet of reflection
HPRegen 0.18/turn               (no ring)
MPRegen 0.10/turn               (no ring)

@: brilliant, curled up
A: large, rugged brown scales 3, see invisible, deformed body, roll 1, armoured
tail, reflexive curl
a: Rolling Charge


You were in an ossuary.
You visited 1 branch of the dungeon, and saw 4 of its levels.
You also visited: Ossuary.

You collected 104 gold pieces.

Inventory:

Hand Weapons
 a - a +0 flail (weapon)
 r - a +2 dagger of distortion
Missiles
 l - a throwing net
Armour
 c - a +0 buckler (worn)
 m - a +1 cloak (worn)
 o - a +0 ring mail of poison resistance (worn)
Jewellery
 b - an amulet of reflection (around neck)
 i - a ring of fire
 q - a ring of positive energy
Scrolls
 k - 5 scrolls of amnesia
Potions
 g - a potion of attraction
 p - a potion of resistance
 w - 2 potions of curing


   Skills:
 - Level 3.0 Fighting
 + Level 8.5 Maces & Flails
 - Level 2.4 Armour
 - Level 2.6 Shields


You had 6 spell levels left.
You didn't know any spells.
Your spell library contained the following spells:

 Spells                   Type           Power      Damage    Failure   Level
 Magic Dart               Conj           0%         1d3       67%         1
 Searing Ray              Conj           0%         2d4       82%         2
 Fulminant Prism          Conj/Hex       0%         3d6       100%        4


Dungeon Overview and Level Annotations

Branches:
Dungeon (4/15)            Ossuary (1/1)
 Temple: D:4-7

Altars:


Innate Abilities, Weirdness & Mutations

You are completely covered in rugged brown scales. (AC +3, +7% HP)
You have supernaturally acute eyesight. (SInv)
Armour fits poorly on your strangely shaped body.
You can roll at nearby foes to attack.
You have a long armoured tail.
You curl defensively after being hit. (AC +7*)


Message History

As you read the scroll of teleportation, it crumbles to dust.
You feel strangely unstable. The mummy hits you.
* * * LOW HITPOINT WARNING * * *
You block the mummy's attack.
You feel better. You block the mummy's attack.
You feel better. The mummy closely misses you. You block the mummy's attack.
The mummy hits you.
Your surroundings seem slightly different.
The kobold zombie hits you.
You aren't carrying any items that you can evoke.
Okay, then.
As you read the scroll of enchant armour, it crumbles to dust.
Your +0 cloak glows green for a moment.
The kobold zombie barely misses you.
You are too injured to fight recklessly!
You are too injured to fight recklessly!
You are too injured to fight recklessly!
You are too injured to fight recklessly!
You are too injured to fight recklessly!
You sock the kobold zombie!
You destroy the kobold zombie!
You block the kobold zombie's attack.
You hit the kobold zombie.
The kobold zombie is severely damaged.
You closely miss the kobold zombie.
The kobold zombie is severely damaged.
You block the kobold zombie's attack.
You hit the mummy.
The mummy is moderately damaged.
The mummy hits you!
* * * LOW HITPOINT WARNING * * *
The kobold zombie hits you but does no damage.
You thump the mummy! You tail-slap the mummy.
You destroy the mummy!
You recover from your berserk rage.
You completely miss the mummy.
Your tail-slap misses the mummy.
The mummy hits you!
* * * LOW HITPOINT WARNING * * *
The mummy hits you!
You die...

##....##
#....#
#....#
#....#
#....#
#...§#
#ZM..#
#MM..#
#@M∩.#
######


You could see 4 mummies and a kobold zombie.

Vanquished Creatures
  Grinder (D:4)
  Duvessa (D:4)
  An ogre (D:4)
  A phantom (D:4)
  Dowan (D:4)
  Jessica (D:2)
  A hound zombie (D:4)
  A hound skeleton (D:4)
  A mummy (Ossuary)
  7 adders
  2 adder skeletons (D:4)
  7 orcs
  6 endoplasms
  5 giant cockroaches
  A gnoll zombie (Ossuary)
  7 goblins
  10 hobgoblins
  6 kobolds
  A quokka (D:2)
  7 ball pythons
  6 bats
  4 frilled lizards (D:1)
  A hobgoblin zombie (Ossuary)
  A kobold zombie (Ossuary)
  4 orc zombies (Ossuary)
  5 rats
89 creatures vanquished.

Notes
Turn   | Place    | Note
-------+----------+-------------------------------------------
     0 | D:1      | Malachi the Palentonga Fighter began the quest for the Orb.
     0 | D:1      | Reached XP level 1. HP: 19/19 MP: 1/1
   230 | D:1      | Reached XP level 2. HP: 17/25 MP: 2/2
   395 | D:1      | Reached skill level 3 in Maces & Flails
   490 | D:1      | Found a faded altar of an unknown god.
   692 | D:1      | Reached XP level 3. HP: 28/31 MP: 3/3
  1369 | D:2      | Noticed Jessica
  1373 | D:2      | Killed Jessica
  1374 | D:2      | Reached skill level 4 in Maces & Flails
  1422 | D:2      | Reached XP level 4. HP: 34/37 MP: 4/4
  2125 | D:3      | Reached skill level 5 in Maces & Flails
  2509 | D:3      | Reached XP level 5. HP: 43/43 MP: 5/5
  2564 | D:4      | Noticed an ogre
  2568 | D:4      | Killed an ogre
  2569 | D:4      | Reached skill level 6 in Maces & Flails
  2569 | D:4      | Noticed Grinder
  2584 | D:4      | Killed Grinder
  2585 | D:4      | Reached skill level 7 in Maces & Flails
  2585 | D:4      | Reached XP level 6. HP: 24/50 MP: 6/6
  2662 | D:4      | Gained mutation: You curl defensively after being hit. (AC
                  | +7*) [Palentonga growth]
  2662 | D:4      | Reached XP level 7. HP: 25/55 MP: 7/7
  2885 | D:4      | Found a sand-covered staircase.
  2885 | D:4      | Noticed Duvessa
  2887 | D:4      | Noticed Dowan
  2899 | D:4      | Killed Duvessa
  2900 | D:4      | Reached skill level 8 in Maces & Flails
  2913 | D:4      | Killed Dowan
  2924 | Ossuary  | Entered an ossuary
  3189 | Ossuary  | Slain by a mummy

Illustrated notes

Levels and vault maps discovered:
D:1:      moated_graveyard_arrival, layout_rooms,
          hellmonk_ecumenical_altar_blasted, st_stairs_5, corexii_corridor_pit,
          minmay_3d_cube
D:2:      layout_basic, uniq_jessica
D:3:      layout_basic
D:4:      layout_loops_ring, serial_undead, serial_undead_f, serial_undead_a,
          serial_undead_d, serial_undead_c, nicolae_ossuary_entry_monument,
          st_stairs_1, minmay_statues_item, uniq_grinder, uniq_duvessa
Ossuary:  ossuary_tomb_3

Skill      XL: |  1  2  3  4  5  6  7 |
---------------+----------------------+-----
Maces & Flails | 3 4 5 7 8 |  8.5
Fighting       | |  3.0
Armour         | |  2.4
Shields        | |  2.6

Action                   |  1- 3 |  4- 6 |  7- 9 || total
-------------------------+-------+-------+-------++-------
Melee: Flail             |   100 |    86 |    53 ||   239
       Tailslap          |     8 |     8 |     3 ||    19
 Abil: Rolling Charge    |     1 |     1 |     1 ||     3
  Use: Potion            |       |     2 |    12 ||    14
       Scroll            |       |     2 |     6 ||     8
Armor: Scale mail        |    51 |       |       ||    51
       Ring mail         |    10 |    22 |    31 ||    63
Dodge: Dodged            |    37 |    25 |    22 ||    84
Block: Buckler           |    29 |    42 |    35 ||   106
       Reflection        |     1 |     1 |       ||     2

Table legend: (Time is in decaauts)
 A = Elapsed time spent in this place.
 B = Non-inter-level travel time spent in this place.
 C = Inter-level travel time spent in this place.
 D = Time resting spent in this place.
 E = Time spent auto-exploring this place.
 F = Levels seen in this place.
 G = Mean time per level.
                   A        B        C        D        E       F      G
               +--------+--------+--------+--------+--------+-----+--------+
         Total |   3237 |   3148 |     89 |    188 |   2290 |   5 |  647.4 |
       Dungeon |   2966 |   2877 |     89 |      0 |   2290 |   4 |  741.5 |
       Ossuary |    271 |    271 |      0 |    188 |      0 |   1 |  271.0 |
               +--------+--------+--------+--------+--------+-----+--------+

Top non-repeatable levels by time:
     D:1: 1098 daAuts
     D:2: 930 daAuts
     D:3: 575 daAuts
     D:4: 362 daAuts
 Ossuary: 271 daAuts
